 Dungeon Crawl Stone Soup version 0.17-a0-389-g4a39274 (webtiles) character file.

90 Gunnerkreig the Magician (level 4, -7/24 HPs)
             Began as a Deep Elf Fire Elementalist on Apr 1, 2015.
             Mangled by an orc
             ... wielding a +0 morningstar
              (9 damage)
             ... on level 2 of the Dungeon.
             The game lasted 00:17:40 (1581 turns).

Gunnerkreig the Magician (DEFE)                     Turns: 1581, Time: 00:17:40

Health: -7/24      AC:  3    Str:  5    XL:     4   Next: 32%
Magic:  12/12      EV: 13    Int: 21    God:
Gold:   86         SH:  0    Dex: 15    Spells: 3 memorised, 9 levels left

rFire  + . .     SeeInvis .     i - +3 dagger (elec)
rCold  x . .     Clarity  .     a - +0 robe
rNeg   . . .     SustAb   .     (no shield)
rPois  .         Gourm    .     (no helmet)
rElec  .         Spirit   .     h - +0 cloak
rCorr  .         Warding  .     (no gloves)
rMut   .         Stasis   .     (no boots)
MR     .....                    (no amulet)
Stlth  ++........               (no ring)
                                j - ring of fire

@: not resistant to hostile enchantments, unstealthy
A: no striking features
a: no special abilities


You were on level 2 of the Dungeon.
You were not hungry.

You visited 1 branch of the dungeon, and saw 3 of its levels.

You collected 86 gold pieces.

Inventory:

Hand weapons
 i - a +3 dagger of electrocution (weapon)
 n - a +5 club
Missiles
 d - 5 tomahawks of dispersal (quivered)
 e - 16 poisoned needles
 l - 6 needles of confusion
Armour
 a - a +0 robe (worn)
 h - a +0 cloak (worn)
Jewellery
 j - a ring of fire (left hand)
Potions
 k - a potion of agility
 m - a potion of brilliance {unknown}
Books
 b - a book of Flames

   Spells                             Type                      Level
   a - Flame Tongue                   Conjuration/Fire             1
   b - Throw Flame                    Conjuration/Fire             2
   c - Conjure Flame                  Conjuration/Fire             3
   d - Inner Flame                    Hexes/Fire                   3
   e - Sticky Flame                   Conjuration/Fire             4
   f - Fireball                       Conjuration/Fire             5
Comestibles
 c - 2 bread rations
 f - a meat ration


   Skills:
 - Level 2.4 Dodging
 - Level 2.4 Stealth
 + Level 6.2 Spellcasting
 - Level 1.1 Conjurations
 - Level 3.3 Fire Magic


You had 9 spell levels left.
You knew the following spells:

 Your Spells              Type           Power        Failure   Level  Hunger
a - Flame Tongue          Conj/Fire      ###..        4%          1    None
b - Throw Flame           Conj/Fire      ###...       8%          2    None
c - Conjure Flame         Conj/Fire      ###.....     14%         3    #......


Dungeon Overview and Level Annotations

Branches:
Dungeon (3/15)

Altars:


Message History

The orc shouts! x3
The orc wizard becomes somewhat translucent.
The orc barely misses you.
You climb upwards.
There is a stone staircase leading down here.
You climb downwards.
The orc barely misses you. The orc closely misses you.
The orc wizard points at you and mumbles some strange words.
The puff of flame misses you. The orc hits you.
There is a stone staircase leading up here.
The orc barely misses you. The orc hits you but does no damage.
The orc hits you but does no damage. The orc hits you with a morningstar!
Ouch! That really hurt!
You climb upwards.
There is a stone staircase leading down here.
The orc hits you.
* * * LOW HITPOINT WARNING * * *
The orc hits you with a dagger.
* * * LOW HITPOINT WARNING * * *
The orc hits you but does no damage. The orc hits you with a morningstar!
You die...

######## ## #.)....#
.########### #.####.#
.#.........###.# #.#
.###.#.[.....#.# #.#
.###.#...#.#.#.####.#
...............o>o#.#
#####..#.......o@o..#
.......#..######.####
#####.##..# #.#
#......######.##
#......#.......#
#......#.......#
#.........####.#
#.....###.#<##.#
#.....# #.#....#


You could see 4 orcs.

Vanquished Creatures
  Ijyb (D:2)
  A gnoll (D:1)
  2 adders (D:2)
  A giant gecko (D:1)
  4 giant cockroaches
  5 hobgoblins
  7 kobolds
  5 bats
  2 giant newts (D:1)
  4 goblins
  4 rats
36 creatures vanquished.

Notes
Turn   | Place    | Note
--------------------------------------------------------------
     0 | D:1      | Gunnerkreig, the Deep Elf Fire Elementalist, began the quest for the Orb.
     0 | D:1      | Reached XP level 1. HP: 10/10 MP: 6/6
   279 | D:1      | Reached skill level 4 in Spellcasting
   279 | D:1      | Reached XP level 2. HP: 9/15 MP: 4/8
   582 | D:1      | Reached XP level 3. HP: 19/19 MP: 5/9
   873 | D:2      | Learned a level 2 spell: Throw Flame
   874 | D:2      | Reached skill level 5 in Spellcasting
   879 | D:2      | Learned a level 3 spell: Conjure Flame
  1123 | D:2      | Noticed Ijyb
  1157 | D:2      | Killed Ijyb
  1157 | D:2      | Reached skill level 6 in Spellcasting
  1157 | D:2      | Reached XP level 4. HP: 24/24 MP: 1/12
  1581 | D:2      | Mangled by an orc

Action                   |  1- 3 |  4- 6 || total
-------------------------+-------+-------++-------
Melee: Dagger            |       |     1 ||     1
 Cast: Flame Tongue      |    41 |     4 ||    45
       Throw Flame       |    12 |     1 ||    13
       Conjure Flame     |     1 |       ||     1
  Use: Potion            |     4 |       ||     4
       Scroll            |     4 |       ||     4
  Eat: Chunk             |       |     2 ||     2
